 Dungeon Crawl Stone Soup version 0.17.0-1-g61d176b (webtiles) character file.

14684 4thArraOfDagon the Eye of the Storm (level 12, -4/234 HPs)
             Began as a Hill Orc Artificer on Nov 7, 2015.
             Was a Priest of Qazlal.
             Slain by a tengu reaver
             ... wielding a +0 great sword
              (14 damage)
             ... on level 12 of the Dungeon.
             The game lasted 00:37:40 (5839 turns).

4thArraOfDagon the Eye of the Storm (HOAr)          Turns: 5839, Time: 00:37:41

Health: -4/234     AC: 26    Str: 20    XL:     12   Next: 19%
Magic:  0/21       EV:  2    Int: 14    God:    Qazlal [***...]
Gold:   299        SH: 12    Dex: 13    Spells: 0 memorised, 11 levels left

rFire  + . .     SeeInvis .     S - +8 morningstar of Otita {freeze, *Rage rC+ Dex+2}
rCold  + + .     Rnd*Rage +     (armour currently unavailable)
rNeg   + + +     SustAt   .     y - +2 buckler
rPois  +         Gourm    .     (helmet currently unavailable)
rElec  +         Spirit   .     (cloak currently unavailable)
rCorr  +         Warding  .     (gloves currently unavailable)
rMut   .         NoTele   +     (boots currently unavailable)
MR     .....                    G - amulet of faith
Stlth  ..........               (no ring)
                                x - ring of flight

@: mighty, berserking, lethally poisoned (-4 -> -5), tree-form (expiring),
resistant, slowed, not resistant to hostile enchantments, extremely unstealthy
A: (talons 0), dopey 1, spit poison 2, wild magic 1
a: Spit Poison, Upheaval, Elemental Force, Renounce Religion


You were on level 12 of the Dungeon.
You worshipped Qazlal.
Qazlal was most pleased with you.
You were not hungry.
You were a tree.
You visited 3 branches of the dungeon, and saw 14 of its levels.

You collected 441 gold pieces.
You spent 142 gold pieces at shops.

Inventory:

Hand Weapons
 L - the +9 whip of Summer {drain, Dex+6 Stlth-}
   (You found it on level 6 of the Dungeon)

   A truly terrible weapon, it drains the life of those it strikes.
   It affects your dexterity (+6).
   It makes you less stealthy.
 S - the +8 morningstar of Otita (weapon) {freeze, *Rage rC+ Dex+2}
   (You found it on level 7 of the Dungeon)

   It has been specially enchanted to freeze those struck by it, causing extra
   injury to most foes and up to half again as much damage against particularly
   susceptible opponents.
   It can also slow down cold-blooded creatures.
   It affects your dexterity (+2).
   It protects you from cold.
   It may make you go berserk in combat.
Missiles
 g - 41 stones (quivered)
 t - 34 poisoned needles
 P - a throwing net
Armour
 u - a +0 pair of gloves (melded)
 y - a +2 buckler (worn)
 E - a +1 animal skin
 F - a +0 helmet (melded)
 H - a +0 plate armour (melded)
 Z - a +2 cloak of invisibility (melded)
Magical Staves
 I - an uncursed staff of energy {unknown}
Jewellery
 k - an uncursed ring of fire
 l - an uncursed ring of ice
 x - a ring of flight (left branch)
 G - an amulet of faith (around neck)
 K - an uncursed amulet of stasis
 N - an uncursed ring of fire
 T - an uncursed amulet of resist mutation
Wands
 c - a wand of flame (2)
 d - a wand of enslavement (0)
 e - a wand of random effects (3)
 m - a wand of paralysis (0)
 p - a wand of confusion (10)
 w - a wand of digging (16)
 D - a wand of frost (14)
 J - a wand of fireball (5)
 O - a wand of polymorph (0)
 R - a wand of magic darts (26)
 U - a wand of slowing (22)
Scrolls
 i - a scroll of blinking
 r - 2 scrolls of enchant armour
 s - 7 scrolls of remove curse
 B - 3 scrolls of teleportation {unknown}
 W - 2 scrolls of amnesia {unknown}
Potions
 a - a potion of heal wounds {unknown}
 o - 3 potions of might
 C - 3 potions of brilliance
 M - 2 potions of flight
 V - a potion of agility {unknown}
Books
 q - a book of Maledictions

   Spells                             Type                      Level
   a - Corona                         Hexes                        1
   b - Ensorcelled Hibernation        Hexes/Ice                    2
   c - Confuse                        Hexes                        3
   d - Tukima's Dance                 Hexes                        3
   e - Dazzling Spray                 Conjuration/Hexes            3
 X - a book of Annihilations

   Spells                             Type                      Level
   a - Poison Arrow                   Conjuration/Poison           6
   b - Chain Lightning                Conjuration/Air              8
   c - Lehudib's Crystal Spear        Conjuration/Earth            8
   d - Glaciate                       Conjuration/Ice              9
   e - Fire Storm                     Conjuration/Fire             9
Comestibles
 f - 10 bread rations
 h - 2 slices of pizza
 n - 4 meat rations
 A - 3 fruits
 Q - 7 beef jerkies
 Y - 3 chunks of flesh


   Skills:
 + Level 9.3 Fighting
   Level 1.0 Short Blades
 * Level 11.8 Maces & Flails
 + Level 8.2 Armour
 - Level 1.5 Dodging
 - Level 0.7 Stealth
 + Level 7.6 Shields
 * Level 12.1 Invocations
 - Level 3.0 Evocations


You had 11 spell levels left.
You didn't know any spells.

Dungeon Overview and Level Annotations

Branches:
Dungeon (12/15)            Temple (1/1) D:6            Lair (0/8) D:10
    Orc (1/4) D:10

Altars:
Ashenzari
Cheibriados
Dithmenos
Elyvilon
Fedhas
Gozag
Kikubaaqudgha
Makhleb
Nemelex Xobeh
Okawaru
Qazlal
Ru
Sif Muna
Trog
Vehumet
Xom
Yredelemnul
Zin
The Shining One

Shops:
D:6 (?=

Annotations:
D:4 Eustachio


Innate Abilities, Weirdness & Mutations

((You have sharp toenails.))
You are dopey. (Int -2)
You can spit poison.
Your spells are a little harder to cast, but a little more powerful.


Message History

You impale the tengu reaver!! You freeze the tengu reaver.
The tengu reaver is heavily wounded.
The tengu reaver hits you but does no damage.
You block the tengu reaver's attack.
The tengu reaver claws you but does no damage.
The tengu reaver hits you with a great sword.
* * * LOW HITPOINT WARNING * * *
The tengu reaver pecks you but does no damage.
The tengu reaver claws you but does no damage.
Unknown command.
Unknown command.
Unknown command.
A red film seems to cover your vision as you go berserk!
You feel yourself moving faster!
You feel mighty!
You bludgeon the tengu reaver!! You freeze the tengu reaver.
The tengu reaver is almost dead.
The eye of draining gazes at you.
You feel your power leaking away.
The tengu reaver hits you with a great sword!
You die...

...##############
....*GQ♣).....!..
%..#####...########
#...........
#...........
#...........
..#####........$..
..................
#######......♣...$
###...........


You could see a tengu reaver and an eye of draining.

Vanquished Creatures
  A sphinx (D:12)
  Nergalle (D:12)
  An unseen horror (D:12)
  3 hill giants
  A cyclops (D:11)
  Maurice (D:10)
  A centaur zombie (D:12)
  A gargoyle (D:11)
  A centaur skeleton (D:12)
  A komodo dragon (D:12)
  3 trolls
  11 yaks
  A deep elf mage (D:11)
  4 vampire mosquitoes (D:11)
  3 hungry ghosts
  A steam dragon (D:10)
  Grum (D:10)
  A soldier ant (D:12)
  A hippogriff (D:9)
  2 wolves
  2 wargs
  Duvessa (D:7)
  A black bear (D:3)
  5 orc warriors
  A phantom (D:6)
  A wasp (D:10)
  3 ice beasts
  A water moccasin (D:12)
  2 sky beasts
  An ogre (D:7)
  7 centaurs
  A big kobold (D:10)
  A crocodile (D:9)
  A water moccasin zombie (D:7)
  Dowan (D:7)
  A wyvern zombie (D:10)
  7 giant frogs
  3 scorpions
  A wyvern skeleton (D:10)
  4 wights (D:9)
  5 orc priests
  5 crimson imps
  A quasit (D:12)
  3 jellies
  7 hounds
  4 iguanas
  A giant frog zombie (D:12)
  A gnoll shaman (D:7)
  3 giant frog skeletons
  8 orc wizards
  3 worker ants
  2 hound skeletons (D:7)
  Robin (D:4)
  11 adders
  5 gnolls (D:7)
  A shadow imp (D:8)
  An ooze (D:3)
  9 giant geckos
  33 orcs
  2 ball pythons
  5 bats
  4 giant cockroaches
  9 hobgoblins
  5 quokkas
  5 giant newts
  14 goblins
  17 jackals
  11 kobolds
  A quokka skeleton (D:4)
  8 rats
270 creatures vanquished.

Vanquished Creatures (collateral kills)
  A giant frog (D:12)
  An orc priest (D:9)
  An orc (D:5)
  A hobgoblin (D:2)
  A giant newt (D:2)
  A goblin (D:2)
6 creatures vanquished.

Vanquished Creatures (others)
  An orc priest (D:5)
  An orc (D:11)
2 creatures vanquished.

Grand Total: 278 creatures vanquished

Notes
Turn   | Place    | Note
--------------------------------------------------------------
     0 | D:1      | 4thArraOfDagon the Hill Orc Artificer began the quest for the Orb.
     0 | D:1      | Reached XP level 1. HP: 16/16 MP: 3/3
    91 | D:2      | Reached XP level 2. HP: 22/25 MP: 4/4
   423 | D:3      | Noticed a black bear
   432 | D:2      | Reached skill level 1 in Maces & Flails
   432 | D:2      | Reached XP level 3. HP: 17/31 MP: 5/5
   642 | D:3      | Reached XP level 4. HP: 35/38 MP: 6/6
   743 | D:2      | Reached skill level 1 in Armour
   966 | D:3      | Killed a black bear
   966 | D:3      | Reached skill level 4 in Maces & Flails
   966 | D:3      | Reached XP level 5. HP: 45/45 MP: 7/7
  1274 | D:4      | Found a blossoming altar of Fedhas.
  1375 | D:4      | Reached XP level 6. HP: 49/51 MP: 8/8
  1432 | D:4      | Noticed Robin
  1448 | D:4      | Killed Robin
  1485 | D:4      | Noticed Eustachio
  1554 | D:5      | Entered Level 5 of the Dungeon
  1574 | D:5      | Reached skill level 1 in Shields
  1692 | D:5      | Reached skill level 5 in Maces & Flails
  1698 | D:5      | Gained mutation: Your spells are a little harder to cast, but a little more powerful. [potion of mutation]
  1698 | D:5      | Gained mutation: You have sharp toenails. [potion of mutation]
  1698 | D:5      | Gained mutation: You are dopey. (Int -2) [potion of mutation]
  1699 | D:5      | Gained mutation: You can spit weak poison. [potion of mutation]
  1699 | D:5      | Gained mutation: You can spit poison. [potion of mutation]
  1796 | D:6      | Found Coyrhom's Magic Scroll Emporium.
  1812 | D:5      | Reached XP level 7. HP: 51/58 MP: 9/9
  2018 | D:5      | Found a bloodstained altar of Trog.
  2152 | D:7      | Noticed Duvessa
  2152 | D:7      | Noticed Dowan
  2251 | D:6      | Bought a scroll of enchant armour for 112 gold pieces
  2251 | D:6      | Bought a scroll of identify for 30 gold pieces
  2258 | D:6      | Got an ichor-stained whip
  2259 | D:6      | Identified the +9 whip of Summer {drain, Dex+6 Stlth-} (You found it on level 6 of the Dungeon)
  2292 | D:6      | Found Suichol's Jewellery Shop.
  2376 | D:6      | Reached skill level 6 in Maces & Flails
  2404 | D:6      | Found a staircase to the Ecumenical Temple.
  2409 | Temple   | Entered the Ecumenical Temple
  2450 | Temple   | Became a worshipper of Qazlal Stormbringer
  2466 | D:6      | Found Rahyri's Antique Weapon Shoppe.
  2472 | D:6      | Reached skill level 1 in Invocations
  2472 | D:6      | Reached XP level 8. HP: 67/67 MP: 10/10
  2661 | D:7      | Reached skill level 5 in Fighting
  2737 | D:7      | Reached skill level 7 in Maces & Flails
  2893 | D:7      | Killed Duvessa
  2911 | D:7      | Killed Dowan
  2911 | D:7      | Reached skill level 5 in Armour
  2911 | D:7      | Reached XP level 9. HP: 33/75 MP: 12/12
  2920 | D:7      | Got a smoking morningstar
  2922 | D:7      | Identified the +8 morningstar of Otita {freeze, *Rage rC+ Dex+2} (You found it on level 7 of the Dungeon)
  3046 | D:7      | Reached * piety under Qazlal
  3113 | D:8      | Reached skill level 5 in Invocations
  3437 | D:8      | Reached skill level 8 in Maces & Flails
  3454 | D:8      | Reached ** piety under Qazlal
  3775 | D:9      | Reached skill level 5 in Shields
  3932 | D:9      | Reached XP level 10. HP: 65/84 MP: 15/15
  4034 | D:10     | Entered Level 10 of the Dungeon
  4034 | D:10     | Noticed Grum
  4102 | D:10     | Reached skill level 9 in Maces & Flails
  4177 | D:10     | Reached *** piety under Qazlal
  4235 | D:10     | Killed Grum
  4365 | D:10     | Noticed Maurice
  4575 | D:11     | Noticed a hill giant
  4636 | D:10     | Found a staircase to the Lair.
  4716 | D:10     | Found a staircase to the Orcish Mines.
  4755 | Orc:1    | Entered Level 1 of the Orcish Mines
  4804 | D:11     | Noticed a cyclops
  4876 | D:10     | Reached **** piety under Qazlal
  4890 | D:10     | Killed Maurice
  5134 | D:11     | Reached skill level 10 in Maces & Flails
  5147 | D:11     | Reached skill level 10 in Invocations
  5147 | D:11     | Reached XP level 11. HP: 60/94 MP: 18/18
  5202 | D:11     | Killed a cyclops
  5412 | D:11     | Killed a hill giant
  5433 | D:11     | Noticed a hill giant
  5462 | D:11     | Killed a hill giant
  5604 | D:12     | Noticed a hill giant
  5625 | D:12     | Killed a hill giant
  5625 | D:12     | Reached skill level 11 in Maces & Flails
  5742 | D:12     | Killed an unseen horror
  5799 | D:12     | Noticed Nergalle
  5805 | D:12     | Noticed a sphinx
  5811 | D:12     | Killed Nergalle
  5811 | D:12     | Reached XP level 12. HP: 104/104 MP: 2/20
  5813 | D:12     | Paralysed by a sphinx for 6 turns
  5826 | D:12     | Paralysed by a sphinx for 2 turns
  5828 | D:12     | Noticed a tengu reaver
  5831 | D:12     | Killed a sphinx
  5831 | D:12     | Reached skill level 12 in Invocations
  5838 | D:12     | HP: 6/156 [tengu reaver/great sword (4)]
  5839 | D:12     | Slain by a tengu reaver

Action                   |  1- 3 |  4- 6 |  7- 9 | 10-12 || total
-------------------------+-------+-------+-------+-------++-------
Melee: Short sword       |    45 |       |       |       ||    45
       Mace              |    47 |   176 |    77 |       ||   300
       Whip              |       |       |   311 |   207 ||   518
       Morningstar       |       |       |       |   119 ||   119
Throw: Stone             |     2 |       |       |       ||     2
Invok: Elemental Force   |       |       |       |     4 ||     4
       Upheaval          |       |       |       |     3 ||     3
 Abil: Spit Poison       |       |       |       |     2 ||     2
       Evoke Flight      |       |       |       |     1 ||     1
Evoke: Wand              |    18 |     9 |    14 |     7 ||    48
  Use: Scroll            |       |     4 |     7 |     5 ||    16
       Potion            |       |     3 |     5 |     5 ||    13
 Stab: Paralysed         |       |     5 |    10 |       ||    15
  Eat: Chunk             |       |     3 |    10 |    11 ||    24
       Fruit             |       |       |       |     1 ||     1
